[Event "*** Titled Tuesday Blitz"]
[Site "Chess.com"]
[Date "2021.03.30"]
[Round "4"]
[White "InitiatingASC"]
[Black "ChessFunMaker"]
[Result "1-0"]
[WhiteElo "2439"]
[BlackElo "2247"]
[TimeControl "180+1"]
[EndTime "10:39:52 PDT"]
[Termination "InitiatingASC won by checkmate"]

1. d4 Nf6 2. c4 d6 3. Nc3 e5 4. dxe5 dxe5 5. Qxd8+ Kxd8 6. e3 Be6 7. b3 Nbd7 8. Bd3 c6 9. Nge2 Kc7 10. Bb2 a5 11.
O-O Be7 12. Ng3 g6 13. Nce4 Nxe4 14. Nxe4 f5 15. Nd2 Rhd8 16. Rfd1 Bf6 17. Be2 e4 18.
Bd4 c5 19. Bxf6 Nxf6 20. Nb1 Rxd1+ 21. Bxd1 Rd8 22. Be2 Kc6 23. Kf1 Ng4 24. h3 Ne5 25. Ke1 g5 26. Nc3 f4 27. Nxe4 h6 28. Rd1 Rxd1+ 29.
Kxd1 f3 30. Bf1 b6 31. Nc3 Kd7 32. Nd5 Bxd5 33. cxd5 Kd6 34. gxf3 Kxd5 35. Bg2 Kd6 36. Kd2 Nc6 37. a3 Na7 38. a4 Nc6 39. Kc3 Ke5 40.
f4+ Kd6 41. Bxc6 Kxc6 42. fxg5 hxg5 43. Kc4 Kd6 44. Kb5 Kc7 45. f4 gxf4 46. exf4 Kb7 47. f5 Kc7 48. f6 Kd7 49. Kxb6 c4 50. bxc4 Ke6 51. Kxa5 Kxf6 52. Kb6 Ke5 53. c5 Kd4 54. c6 Kc4 55. a5 Kb4 56. c7 Ka4 57. c8=Q Kb4 58. Qc5+ Ka4 59. Qb5+ Ka3 60. a6 Ka2 61. a7 Ka1 62. a8=Q# 1-0

[Event "*** Titled Tuesday Blitz"]
[Site "Chess.com"]
[Date "2021.03.30"]
[Round "4"]
[White "Leonid_Starozhilov"]
[Black "Oligan22"]
[Result "1-0"]
[WhiteElo "2708"]
[BlackElo "2499"]
[TimeControl "180+1"]
[EndTime "10:39:53 PDT"]
[Termination "Leonid_Starozhilov won by resignation"]

1. e4 c6 2. d3 d5 3. Nd2 e5 4.
Ngf3 Bd6 5. d4 exd4 6. exd5 Nf6 7. Qe2+ Be7 8. Nxd4 Qxd5 9. Qc4 Qe5+ 10. Be2 b5 11. N2f3 Qd6 12. Nxb5 cxb5 13. Qxc8+ Qd8 14. Bxb5+ Nbd7 15. Qxd8+ Rxd8 16. O-O O-O 17. Be3 Bc5 18. Bg5 Rb8 19.
Bxd7 Nxd7 20. b3 f6 21. Bf4 Rbc8 22. Rad1 Nb6 23. c4 Rfd8 24. Rxd8+ Rxd8 25. Bc7 Rd3 26. Bxb6 axb6 27. Rc1 g5 28. h3 h5 29. Kf1 g4 30.
hxg4 hxg4 31. Ne1 Rd2 32. Rc2 Rd6 33. g3 Bb4 34. Ng2 Kf7 35. Ne3 Rd4 36. Ke2 Re4 37.
Kd3 Re6 38. Nxg4 Rd6+ 39. Ke2 Kg6 40. Ne3 Re6 41. Kf3 f5 42. Re2 Bc5 43. Nd5 Rd6 44.
Ne7+ Kg5 45. Nd5 Rd8 46. a4 Ra8 47. Kg2 Rh8 48. Re6 Rb8 49. Nf4 Rg8 50. Rc6 Bd4 51.
Ne6+ 1-0

[Event "*** Titled Tuesday Blitz"]
[Site "Chess.com"]
[Date "2021.03.30"]
[Round "4"]
[White "Alliswell998"]
[Black "Nayemhaque22"]
[Result "0-1"]
[WhiteElo "2622"]
[BlackElo "2367"]
[TimeControl "180+1"]
[EndTime "10:39:53 PDT"]
[Termination "Nayemhaque22 won by checkmate"]

1. e4 c6 2. d4 d5 3. exd5 cxd5 4. Bd3 Nc6 5. c3 Nf6 6. Bf4 Bg4 7. Qb3 Qd7 8. Nd2 e6 9. Ngf3 Bd6 10. Bxd6 Qxd6 11.
O-O O-O 12. Rae1 Ne7 13. Ne5 Bf5 14. Be2 Qc7 15. g4 Ne4 16. Qd1 f6 17. Nd3 Bg6 18.
Nxe4 dxe4 19. Nc5 Qc6 20. Qb3 Bf7 21. Bc4 b6 22. Nxe4 a6 23. Ng3 Ng6 24. Rxe6 Qc7 25. Nf5 Bxe6 26. Bxe6+ Kh8 27. Re1 Nf4 28. d5 Rfe8 29. Qd1 Rad8 30. Qf3 Nxd5 31. Re4 Ne7 32. Nd4 Ng6 33. Qe2 Nf4 34. Qe3 g5 35. h4 h6 36.
hxg5 hxg5 37. Bb3 Rxe4 38. Qxe4 Qd7 39. f3 Re8 40. Qf5 Re1+ 41. Kf2 Qe7 42. Ne6 Rxe6 43.
Bc2 Re2+ 44. Kf1 Re1+ 45. Kf2 Qe2+ 46. Kg3 Qg2# 0-1

[Event "*** Titled Tuesday Blitz"]
[Site "Chess.com"]
[Date "2021.03.30"]
[Round "4"]
[White "MergenKakabaev"]
[Black "Chesswizard_2007"]
[Result "0-1"]
[WhiteElo "2365"]
[BlackElo "2696"]
[TimeControl "180+1"]
[EndTime "10:39:54 PDT"]
[Termination "Chesswizard_2007 won on time"]

1. e4 c5 2. Nf3 Nc6 3. Bb5 e6 4. Bxc6 bxc6 5. d3 Nf6 6. c4 d6 7.
Nc3 e5 8. h3 g6 9. Bg5 h6 10. Bxf6 Qxf6 11. a3 Bg7 12. b4 O-O 13.
Qe2 Qe7 14. b5 cxb5 15. Nxb5 Be6 16. Nc3 f5 17. Nd5 Qf7 18. Rb1 g5 19. Nd2 h5 20.
Nf3 Bh6 21. h4 g4 22. Ng5 Bxg5 23. hxg5 Bxd5 24. cxd5 Rab8 25. Rb2 Rxb2 26. Qxb2 fxe4 27. dxe4 Qf4 28. Rxh5 Qxe4+ 29. Qe2 Qxg2 30. Rh4 Qg1+ 31. Qf1 Qxf1+ 32. Kxf1 g3 33. Rh6 e4 34. Re6 Rxf2+ 35. Kg1 Rf5 36. Rxd6 Rxg5 37. Re6 Rxd5 38. Rxe4 Rd3 39. Rc4 Rxa3 40. Rxc5 Kf7 41. Kg2 Ke6 42. Rc8 a6 43. Rc7 a5 44. Rc8 a4 45.
Rc7 Rb3 46. Rc8 a3 47. Ra8 Kd5 48. Ra7 Kc4 49. Re7 Kc3 50. Kxg3 a2 0-1

[Event "*** Titled Tuesday Blitz"]
[Site "Chess.com"]
[Date "2021.03.30"]
[Round "4"]
[White "katchesskat"]
[Black "ehrenfeld"]
[Result "1-0"]
[WhiteElo "2323"]
[BlackElo "2503"]
[TimeControl "180+1"]
[EndTime "10:39:54 PDT"]
[Termination "katchesskat won on time"]

1. c4 e5 2. e3 d6 3. b4 f5 4. Bb2 Nf6 5. h4 Be7 6. Nf3 O-O 7. Qc2 a5 8. a3 axb4 9. axb4 Rxa1 10. Bxa1 Qe8 11.
g3 Nc6 12. b5 Nd8 13. d4 e4 14. Ng5 h6 15. Nh3 Ne6 16. d5 Nc5 17. Nf4 Nh5 18.
Nxh5 Qxh5 19. Be2 Qf7 20. Nd2 Bf6 21. Bd4 Bd7 22. Bxc5 dxc5 23. b6 cxb6 24. Qb3 Bd8 25. h5 Bc7 26. Qa2 Qf6 27. O-O g5 28. hxg6 Qxg6 29. Kg2 f4 30. exf4 Bxf4 31. Rh1 e3 32.
Bh5 Qg7 33. Ne4 Bf5 34. Bf3 exf2 35. Qxf2 Be5 36. Qe1 Bxe4 37. Bxe4 Ra8 38. Rh3 Ra2+ 39. Kf3 Ra3+ 40. Kg2 Qg5 41. Bb1 Re3 42. Qf2 Kg7 43. Bc2 Rc3 44. Bd1 Rd3 45. Be2 Rd2 46. Rh4 Bd4 47.
Qf3 1-0

[Event "*** Titled Tuesday Blitz"]
[Site "Chess.com"]
[Date "2021.03.30"]
[Round "4"]
[White "TeukkaSalama"]
[Black "HanSchut"]
[Result "0-1"]
[WhiteElo "2343"]
[BlackElo "2247"]
[TimeControl "180+1"]
[EndTime "10:39:54 PDT"]
[Termination "HanSchut won by resignation"]

1. e4 c5 2. Nf3 d6 3. d4 cxd4 4. Nxd4 Nf6 5. Nc3 g6 6. f3 Bg7 7. Be3 O-O 8. Qd2 Nc6 9. O-O-O d5 10. exd5 Nxd5 11. Nxd5 Qxd5 12. Nxc6 Qxc6 13. Bh6 Be6 14. Bxg7 Kxg7 15. a3 Rfd8 16. Qxd8 Rxd8 17. Rxd8 Bf5 18. Rd2 Qe6 19. Bd3 Qa2 20. c3 Qa1+ 21. Kc2 Bxd3+ 22.
Rxd3 Qxh1 23. Rd2 Qxh2 24. c4 Qc7 25. Kc3 b5 26. Rd4 e5 27. Rh4 f5 28. b3 g5 29. Rh1 bxc4 30. bxc4 e4 31. fxe4 Qe5+ 32. Kb4 Qxe4 33. Rd1 Qxg2 34. Rd7+ Kg6 35. Rxa7 f4 36. c5 Qb2+ 37. Kc4 Qc2+ 38. Kd5 Qd3+ 39. Ke6 f3 40.
Rd7 Qxd7+ 41. Kxd7 f2 42. c6 f1=Q 43. c7 Qd3+ 44.
Kc8 g4 45. Kb8 Qb5+ 46. Kc8 g3 47. a4 Qxa4 48. Kb8 Qb5+ 49. Ka7 Qc5+ 50. Kb7 Qxc7+ 51. Kxc7 g2 52. Kc6 g1=Q 53. Kb7 Qd1 54. Ka8 h6 55. Kb7 h5 56. Kb6 h4 57. Kb5 h3 0-1

[Event "*** Titled Tuesday Blitz"]
[Site "Chess.com"]
[Date "2021.03.30"]
[Round "4"]
[White "Sweafty"]
[Black "SantoBlue"]
[Result "0-1"]
[WhiteElo "2542"]
[BlackElo "2821"]
[TimeControl "180+1"]
[EndTime "10:39:55 PDT"]
[Termination "SantoBlue won by resignation"]

1. Nf3 d5 2. c4 e6 3. g3 Nf6 4. Bg2 Be7 5. O-O O-O 6. b3 c5 7. Bb2 Nc6 8. e3 Ne4 9. cxd5 exd5 10. d4 Bf6 11. Nc3 Bg4 12. Ne2 Qa5 13. h3 Bxf3 14. Bxf3 Nd2 15. Bc3 Nxf3+ 16. Kg2 Nh4+ 17. gxh4 Qd8 18.
dxc5 Bxc3 19. Nxc3 Qxh4 20. Qxd5 Rad8 21. Qe4 Qg5+ 22. Kh1 Qxc5 23. Rac1 Qh5 24. Qg4 Qh6 25. Rcd1 Ne5 26. Qg3 Qc6+ 27. e4 Ng6 28. Nd5 Qc2 29. Qd3 Qxd3 30. Rxd3 Rfe8 31. f3 f5 32. Rfd1 Rc8 33.
exf5 Nh4 34. Re3 Nxf5 35. Rxe8+ Rxe8 36. Nf4 Kf7 37. Rd7+ Re7 38. Rxe7+ Kxe7 39. Kg2 Kd6 40. Kf2 Ke5 41. Ne2 Nd4 42. Nc3 Nf5 43. Ne2 Kd5 44. Nf4+ Kd4 45. Nh5 Kc3 46. f4 Kb2 47. Kf3 Kxa2 48.
Ke4 g6 49. Nf6 h6 50. Nd7 b6 51. Ne5 Nh4 52. Nf3 Nxf3 53. Kxf3 Kxb3 54. h4 h5 55. f5 gxf5 56. Kf4 a5 57. Kg5 a4 58. Kxh5 a3 0-1

[Event "*** Titled Tuesday Blitz"]
[Site "Chess.com"]
[Date "2021.03.30"]
[Round "4"]
[White "annamaja"]
[Black "chigorin28"]
[Result "1-0"]
[WhiteElo "2358"]
[BlackElo "2577"]
[TimeControl "180+1"]
[EndTime "10:39:56 PDT"]
[Termination "annamaja won by checkmate"]

1. e4 c5 2. Nf3 d6 3. d4 cxd4 4. Nxd4 Nf6 5. Nc3 a6 6. Be3 e5 7.
Nb3 Be7 8. Qd2 O-O 9. O-O-O Be6 10. Kb1 Nbd7 11. g3 b5 12. Bg2 Nb6 13. Qe2 Nc4 14. Bc1 a5 15. Nxb5 a4 16. Nc5 Rc8 17. Nxe6 fxe6 18.
Bh3 Qb6 19. Bxe6+ Kh8 20. Bxc4 Qc5 21. b3 axb3 22. cxb3 Rb8 23. Ba3 Qc6 24. Bxd6 Bxd6 25. Rxd6 Qc5 26. Rhd1 h5 27. f4 g6 28. fxe5 Qxe5 29.
Qb2 Qxe4+ 30. Ka1 Kg7 31. Rf1 Qe7 32. Re6 Qd8 33. Nd6 Rb6 34. Ne4 Rxe6 35. Bxe6 Qe7 36. Rxf6 Kh7 37. Rxf8 Qxf8 38. Nf6+ Kh6 39. Qd2+ Kg7 40.
Nd5 Qf1+ 41. Kb2 Qf3 42. Qd4+ Kh6 43. Qe3+ Qxe3 44. Nxe3 Kg5 45. Bc4 Kf6 46. a4 Ke5 47. a5 Ke4 48. Nd5 Kf3 49. a6 Kg2 50. a7 Kxh2 51.
a8=Q Kxg3 52. Qg8 h4 53. Qxg6+ Kh2 54. Nf4 h3 55. Qg4 Kh1 56. Qxh3+ Kg1 57. Qg2# 1-0

[Event "*** Titled Tuesday Blitz"]
[Site "Chess.com"]
[Date "2021.03.30"]
[Round "4"]
[White "Mili_Brizzi"]
[Black "chegueps"]
[Result "0-1"]
[WhiteElo "2279"]
[BlackElo "2467"]
[TimeControl "180+1"]
[EndTime "10:39:56 PDT"]
[Termination "chegueps won on time"]

1. e4 e6 2. d3 e5 3. Nf3 Nc6 4. d4 exd4 5. Nxd4 Nf6 6. Nxc6 bxc6 7. e5 Qe7 8. Qe2 Nd5 9. c4 Ba6 10. Nd2 Nb6 11. Qe4 O-O-O 12. b3 d6 13. Bb2 Re8 14. f4 f6 15. O-O-O fxe5 16. fxe5 dxe5 17. g3 Bb7 18. Bg2 Ba8 19. Rhe1 a5 20. Qf5+ Qd7 21. Rxe5 Bd6 22. Rxe8+ Rxe8 23. Bh3 Qxf5 24. Bxf5+ Kb8 25. Ne4 Be5 26. Nc5 Bxb2+ 27. Kxb2 Re2+ 28. Ka3 Rxh2 29. Rd8+ Ka7 30. Rg8 g6 31. Be4 Rh3 32. Rg7 Kb8 33. Rg8+ Ka7 34. Rg7 Kb8 35. Na6+ Kb7 36. Nxc7 Rxg3 37.
Ne6+ Kc8 38. Nc5 Nxc4+ 39. Ka4 Nd6 40. Rg8+ Kc7 41. Rg7+ Kb6 42. Nd7+ Ka6 43. Nb8+ Kb6 44. Nd7+ Kc7 45. Nc5+ Kd8 46. Ne6+ Ke8 47. Nc7+ Kf8 0-1

[Event "*** Titled Tuesday Blitz"]
[Site "Chess.com"]
[Date "2021.03.30"]
[Round "4"]
[White "MaxLeto"]
[Black "vovachesss"]
[Result "0-1"]
[WhiteElo "2356"]
[BlackElo "2652"]
[TimeControl "180+1"]
[EndTime "10:39:57 PDT"]
[Termination "vovachesss won by resignation"]

1. g4 e5 2. Bg2 Ke7 3. Nc3 c6 4. Nf3 d6 5. g5 Be6 6. d4 Qc7 7. e4 Ke8 8. Be3 Ne7 9. Qd2 Nd7 10.
O-O-O Nb6 11. b3 Ng6 12. h4 Be7 13. h5 Nf8 14. d5 cxd5 15. exd5 Bg4 16. Rh4 Bf5 17.
Kb2 Nfd7 18. a4 Nc5 19. Nxe5 Rc8 20. Nc4 Kf8 21. Nb5 Ncxa4+ 22. bxa4 Nxc4+ 23. Rxc4 Qxc4 24. Qc3 Qxc3+ 25. Nxc3 h6 26. gxh6 Bf6 27. Bd4 Bxd4 28.
Rxd4 Rxh6 29. Bf3 g6 30. hxg6 Bxg6 31. Kb3 Rh2 32. Rd2 Kg7 33. Bg4 Re8 34. Nb5 Re4 35. f3 Re3+ 36. Rd3 Bxd3 37. cxd3 Rxd3+ 38. Kc4 Rdd2 39. Nxd6 Ra2 40. Nf5+ Kf6 41. d6 Rhd2 42.
Kc3 Rd1 43. Ng3 Rxd6 44. Ne4+ Ke5 45. Kb3 Re2 46. f4+ Kxe4 47. Bxe2 Kxf4 48. Bc4 f5 49. Kb4 Ke3 50. Kc5 Rf6 51. a5 f4 52. a6 bxa6 0-1

[Event "*** Titled Tuesday Blitz"]
[Site "Chess.com"]
[Date "2021.03.30"]
[Round "4"]
[White "Rozhkov_V"]
[Black "Zmof"]
[Result "1-0"]
[WhiteElo "2358"]
[BlackElo "2204"]
[TimeControl "180+1"]
[EndTime "10:39:57 PDT"]
[Termination "Rozhkov_V won on time"]

1. e4 c5 2. Nf3 Nc6 3. d4 cxd4 4. Nxd4 Qb6 5. Nb3 Nf6 6. Nc3 e6 7. Be3 Qc7 8. g3 a6 9. Bg2 d6 10. O-O Be7 11. a4 b6 12. g4 O-O 13. g5 Nd7 14. f4 Bb7 15. Rf3 Rfe8 16. Rh3 Nb4 17.
Qe2 g6 18. Rd1 Bf8 19. Qf2 Bg7 20. Bd4 e5 21. fxe5 dxe5 22. Be3 Nf8 23. Nd5 Nxd5 24. exd5 b5 25. a5 Rac8 26. c3 Qd7 27. Nc5 Rxc5 28.
Bxc5 Qg4 29. Rf1 Qd7 30. Bxf8 Bxf8 31. Qh4 h5 32. gxh6 Kh7 33. Qf6 Bxd5 34. Rd3 Qa7+ 35.
Kh1 Be6 36. Rdf3 Bxh6 37. Bh3 Qe7 38. Bxe6 Qxf6 39. Rxf6 fxe6 40. Rf7+ Bg7 41. Rb7 Rd8 42. Rff7 Rd2 43. Rxg7+ Kh6 44. Rgd7 Kg5 45. Rxd2 e4 46. Rg2+ Kf4 47. Rf7+ Ke3 48. Rxg6 Kd3 49. Rxe6 e3 50.
Rd7+ 1-0

[Event "*** Titled Tuesday Blitz"]
[Site "Chess.com"]
[Date "2021.03.30"]
[Round "4"]
[White "Korchmar_Vasiliy"]
[Black "Rud_Makarian"]
[Result "0-1"]
[WhiteElo "2635"]
[BlackElo "2801"]
[TimeControl "180+1"]
[EndTime "10:39:58 PDT"]
[Termination "Rud_Makarian won on time"]

1. d4 Nf6 2. Nf3 e6 3. Bf4 b6 4. e3 Bb7 5. Nbd2 c5 6. c3 d6 7. a3 Be7 8. h3 O-O 9. Bd3 Nbd7 10. Qe2 a6 11. Rd1 cxd4 12. cxd4 d5 13. O-O b5 14. Rc1 Rc8 15. a4 bxa4 16. Bxa6 Qb6 17. Bb5 Qa5 18. Ne5 Nxe5 19. dxe5 Ne8 20. Rxc8 Bxc8 21. Ra1 Nc7 22. Bxa4 Bd7 23. b3 Bb4 24. Nf3 Nb5 25. Nd4 Nxd4 26. exd4 Bc3 27. Rd1 Bxa4 28.
bxa4 Qxa4 29. Be3 Rc8 30. Rc1 h6 31. Qg4 Kf8 32. Qh4 Qd7 33. Bxh6 gxh6 34. Qxh6+ Ke8 35.
h4 Qe7 36. Qe3 Qb4 37. h5 Kd7 38. Qf3 f5 39. exf6 Bxd4 40. Rd1 Be5 41. f7 Rf8 42. h6 Qf4 43. Qh3 Kd6 44. h7 Qxf7 0-1

[Event "*** Titled Tuesday Blitz"]
[Site "Chess.com"]
[Date "2021.03.30"]
[Round "4"]
[White "Skat2704"]
[Black "KroshkaKami"]
[Result "0-1"]
[WhiteElo "2618"]
[BlackElo "2408"]
[TimeControl "180+1"]
[EndTime "10:39:58 PDT"]
[Termination "KroshkaKami won by resignation"]

1. d4 Nf6 2. c4 d5 3. Nf3 e6 4. Nc3 c5 5. cxd5 Nxd5 6. e4 Nxc3 7. bxc3 cxd4 8. cxd4 Bb4+ 9. Bd2 Bxd2+ 10. Qxd2 O-O 11. Be2 b6 12. O-O Bb7 13. Bd3 Nc6 14. d5 exd5 15.
exd5 Ne7 16. d6 Nd5 17. Ng5 h6 18. Ne4 Qd7 19. Bc4 Qf5 20. Ng3 Qe5 21. Rfe1 Qf4 22. Qxf4 Nxf4 23. f3 Bc6 24. Re7 Rad8 25. Rd1 Rd7 26. Ree1 Rfd8 27. Nf5 Kf8 28. Ne7 Rxd6 29.
Rxd6 Rxd6 30. Nxc6 Rxc6 31. Bb5 Rc8 32. a4 Ne6 33.
Kf2 Rc2+ 34. Re2 Rxe2+ 35. Kxe2 Ke7 36. Ke3 Kd6 37. g3 Kd5 38. Be8 f6 39. Bf7 Kd6 40.
f4 Nc5 41. Be8 Ke7 42. Bb5 a6 43. Bc6 Kd6 44. Be8 Ne6 45. Ke4 Nc7 46. Bg6 Ke6 47. f5+ Kd6 48. Bh5 Nd5 49. Bd1 Nc3+ 50. Kd4 Nxd1 51.
Kd3 Nf2+ 52. Kc2 Ng4 53. Kb3 Ne5 54. Kb4 0-1

[Event "*** Titled Tuesday Blitz"]
[Site "Chess.com"]
[Date "2021.03.30"]
[Round "4"]
[White "zacachess"]
[Black "LenkaPtacnikova"]
[Result "1-0"]
[WhiteElo "2397"]
[BlackElo "2175"]
[TimeControl "180+1"]
[EndTime "10:39:58 PDT"]
[Termination "zacachess won on time"]

1. e4 c5 2. Nf3 e6 3. d4 cxd4 4. Nxd4 Nf6 5. Nc3 Nc6 6. Nxc6 bxc6 7. e5 Nd5 8. Ne4 Qc7 9. f4 Ba6 10. c4 f5 11. exf6 Nxf6 12. Nxf6+ gxf6 13. Qh5+ Kd8 14. Bd2 Rb8 15. Ba5 Bb4+ 16. Bxb4 Rxb4 17. Qh4 Ke7 18.
Qg3 Rf8 19. b3 Qa5 20. Qc3 Qc5 21. a3 Rbb8 22. b4 Qd6 23. c5 Qxf4 24. Bxa6 Qe4+ 25. Be2 Rg8 26. Qf3 Qe5 27. O-O Rg6 28. Bd3 Rh6 29.
g3 Rg8 30. Rae1 Qd4+ 31. Kg2 f5 32. Bxf5 Rf8 33. Qe4 Qb2+ 34. Re2 Qxa3 35. Bg4 Rxf1 36. Kxf1 Qc1+ 37. Kg2 Qc3 38. Rf2 Qg7 39. Qf3 Rg6 40. Bh3 Rg5 41. Qf4 Rd5 42. Qh4+ Ke8 43. Qf4 Rd4 44. Qb8+ Ke7 45. Qxa7 Rxb4 46. Qa2 Re4 47. Qd2 Rc4 48. Qe3 1-0

[Event "*** Titled Tuesday Blitz"]
[Site "Chess.com"]
[Date "2021.03.30"]
[Round "4"]
[White "ChessWarrior3"]
[Black "Politov_Pavel"]
[Result "1-0"]
[WhiteElo "2133"]
[BlackElo "2372"]
[TimeControl "180+1"]
[EndTime "10:39:58 PDT"]
[Termination "ChessWarrior3 won on time"]

1. e4 Nc6 2. d4 d5 3. e5 Bf5 4. h4 Qd7 5. Be2 Nb4 6. Na3 h6 7. g4 Be4 8. f3 Bh7 9. c3 Nc6 10. h5 O-O-O 11. Bd3 Bxd3 12. Qxd3 f6 13. exf6 gxf6 14. Nc2 e5 15. Be3 e4 16. fxe4 Qxg4 17. exd5 Qg3+ 18. Kd1 Rxd5 19. Qe4 Nge7 20. Nf3 f5 21. Qf4 Rg8 22. Rg1 Qxf4 23. Bxf4 Rxg1+ 24. Nxg1 Rd8 25. Nf3 Nd5 26. Bh2 Bd6 27. Bxd6 cxd6 28. Kd2 Nf4 29. Ke3 Nxh5 30. Rh1 f4+ 31. Ke4 Re8+ 32. Kd5 Nf6+ 33. Kxd6 h5 34. Re1 Rxe1 35. Nfxe1 h4 36. Nf3 h3 37. Nh2 Ne4+ 38. Kd5 Nd2 39.
Ne1 Kd7 40. Nef3 Nxf3 41. Nxf3 Ne7+ 42. Ke5 Ng6+ 43. Kf5 Nh4+ 44. Kxf4 Ng2+ 45. Kg3 Ne3 46. Kxh3 Nd1 47. Ne5+ Kc7 48. Nd3 Kd6 49. Kg4 Kd5 50. Kf4 Kc4 51. Ke4 a5 52. Ne5+ Kb5 53. Nd3 Kc4 54.
Ne5+ Kb5 55. Kd3 1-0

[Event "*** Titled Tuesday Blitz"]
[Site "Chess.com"]
[Date "2021.03.30"]
[Round "4"]
[White "EvgenyT"]
[Black "ShapkinAnatoliy"]
[Result "1/2-1/2"]
[WhiteElo "2913"]
[BlackElo "2662"]
[TimeControl "180+1"]
[EndTime "10:39:59 PDT"]
[Termination "Game drawn by repetition"]

1. c4 c5 2. Nf3 Nc6 3. d4 cxd4 4. Nxd4 Nf6 5. g3 e6 6. Bg2 Qb6 7. Nb3 Ne5 8. Qc2 Bb4+ 9. Bd2 d6 10. O-O Bxd2 11.
N1xd2 O-O 12. Rac1 Bd7 13. c5 dxc5 14. Qxc5 Ng6 15. Qxb6 axb6 16. a3 Bb5 17. Rfe1 Rac8 18. Bxb7 Rxc1 19. Nxc1 Rb8 20. Bg2 Rc8 21. Ndb3 Rc2 22.
Nd4 Rxb2 23. Nxb5 Rxb5 24. Nd3 Rb3 25. Ra1 Kf8 26. h4 Ne7 27. a4 Ned5 28. Bf3 Ke7 29.
Ne5 Nd7 30. Nc6+ Kd6 31. Na7 Nc5 32. Nb5+ Ke7 33. Nd4 Rb2 34. a5 bxa5 35. Rxa5 Nb7 36. Ra7 Kd6 37. Kg2 g6 38. Ra6+ Ke7 39. Nc6+ Kf6 40.
Bxd5 exd5 41. Nd4+ Kg7 42. Ra7 Kf6 43. Ra6+ Kg7 44.
e3 h5 45. Rc6 Na5 46. Rc7 Nc4 47. Re7 Nd2 48. Ne2 Ne4 49. Kf1 Rb1+ 50. Kg2 Rb2 51.
Kf1 Rb1+ 52. Kg2 Rb2 1/2-1/2

[Event "*** Titled Tuesday Blitz"]
[Site "Chess.com"]
[Date "2021.03.30"]
[Round "4"]
[White "Grineva_Marianna"]
[Black "SARGISMV"]
[Result "0-1"]
[WhiteElo "2276"]
[BlackElo "2458"]
[TimeControl "180+1"]
[EndTime "10:40:00 PDT"]
[Termination "SARGISMV won by resignation"]

1. e4 e6 2. d4 d5 3. Nd2 Nc6 4. c3 e5 5. Ngf3 exd4 6. cxd4 dxe4 7. Nxe4 Bb4+ 8. Nc3 Nf6 9. Be3 O-O 10. Be2 Nd5 11.
Bd2 Re8 12. O-O Bf5 13. Rc1 Nxc3 14. Bxc3 Bd6 15. Re1 Be4 16. Qb3 Bd5 17. Qa4 Qf6 18. Qb5 Rad8 19. Bd2 Nxd4 20. Nxd4 Qxd4 21. Bc3 Qf4 22. g3 Qe4 23. f3 Qe3+ 24. Kg2 Bc6 25. Qd3 Bxf3+ 26. Kf1 Bxe2+ 27. Qxe2 Qxe2+ 28. Rxe2 Rxe2 29. Kxe2 f6 30. Kf3 Kf7 31. h4 h5 32. Bd4 a6 33. Bc3 Re8 34. Rd1 Re6 35. Rd5 g6 36. Rd3 b5 37. a3 Ke7 38. Rd5 c6 39. Rd3 Be5 40. Bb4+ Bd6 41. Bc3 c5 42. Bd2 c4 43.
Rd5 Be5 44. Bb4+ Ke8 45. Rd2 Rc6 46. Ba5 Kf7 47. Rd7+ Ke6 48. Rd2 Kf5 49. Re2 c3 50.
bxc3 Bxc3 51. Bd8 Be5 52. Re3 Rc3 53. Rxc3 Bxc3 54. Bb6 a5 55. Bc5 b4 56. axb4 axb4 57.
Ke2 b3 58. Kd3 b2 59. Kc2 Be5 60. Bf2 Kg4 61. Be1 Kf3 62. Kb1 Bxg3 0-1

[Event "*** Titled Tuesday Blitz"]
[Site "Chess.com"]
[Date "2021.03.30"]
[Round "4"]
[White "ecwinslow"]
[Black "woodhy"]
[Result "1-0"]
[WhiteElo "2285"]
[BlackElo "2441"]
[TimeControl "180+1"]
[EndTime "10:40:00 PDT"]
[Termination "ecwinslow won by checkmate"]

1. e4 e6 2. d4 d5 3. Nd2 c5 4. exd5 exd5 5. Ngf3 Nc6 6. Bb5 Bd6 7. dxc5 Bxc5 8. O-O Ne7 9. Nb3 Bd6 10. Bxc6+ bxc6 11. Qd4 O-O 12. Bf4 Nf5 13. Qd2 Be7 14. Nfd4 Nxd4 15. Nxd4 Bf6 16. c3 Bb7 17. Rfe1 a5 18. Re3 c5 19. Nf5 d4 20. Rg3 Kh8 21. cxd4 cxd4 22. Bg5 Rg8 23. Rd1 Bxg5 24. Rxg5 d3 25.
Rg3 Be4 26. Qf4 Bxf5 27. Qxf5 Qd4 28. b3 d2 29. Rd3 Qb2 30. R3xd2 Qc3 31. Qxf7 a4 32.
Qc4 Qxc4 33. bxc4 Rgc8 34. Rc2 a3 35. Kf1 Ra4 36. c5 Kg8 37. c6 Ra7 38. Rdc1 Kf7 39. c7 Ke6 40. f4 Kd7 41. Ke2 Re8+ 42. Kf3 Kc8 43. Rb1 Rf8 44. Rb8+ Kd7 45. Rxf8 Rxc7 46. Rf7+ Ke6 47. Rfxc7 g5 48. R2c6+ Kd5 49. Rc5+ Kd6 50. fxg5 Ke6 51. Rxh7 Kd6 52. Rh6+ Kxc5 53. g6 Kc4 54. g7 Kc3 55. g8=Q Kb2 56. Qb3+ Ka1 57. Qxa3 Kb1 58. Re6 Kc2 59. Re2+ Kd1 60. Qd3+ Kc1 61. Qc2# 1-0

[Event "*** Titled Tuesday Blitz"]
[Site "Chess.com"]
[Date "2021.03.30"]
[Round "4"]
[White "Mazanchenko_Dmitry"]
[Black "dosto07"]
[Result "0-1"]
[WhiteElo "2208"]
[BlackElo "2411"]
[TimeControl "180+1"]
[EndTime "10:40:00 PDT"]
[Termination "dosto07 won on time"]

1. e4 e5 2. f3 Nf6 3. Ne2 d5 4. d3 Nc6 5. g3 Bc5 6. Bg2 h5 7. h3 Be6 8. c3 a6 9. Nd2 Qd7 10.
Nb3 Bb6 11. d4 O-O-O 12. dxe5 Nxe5 13. f4 Nc4 14. e5 Ne4 15. Bxe4 dxe4 16. Qxd7+ Rxd7 17.
Nbd4 e3 18. b3 Nd2 19. Bxd2 exd2+ 20. Kd1 Bd5 21. Rf1 Bg2 22. Rf2 Bxh3 23. b4 Bg4 24.
Kxd2 Bxe2 25. Rxe2 Bxd4 26. cxd4 Rxd4+ 27. Kc3 Rhd8 28. Re3 b5 29. a4 Rc4+ 30. Kb3 Rdd4 31. axb5 Rxb4+ 32. Kc3 Rdc4+ 33. Kd3 Rd4+ 34. Kc3 axb5 35.
Ra8+ Kd7 36. f5 Rdc4+ 37. Kd2 Rb2+ 38. Kd1 Ra4 39. Rxa4 bxa4 40. Ra3 Rb4 41. Kd2 Kc6 42. Rc3+ Kd7 43. Rd3+ Ke7 44. Rc3 Kd7 45. Rd3+ Kc8 46. e6 fxe6 47. fxe6 Re4 48. Rd5 g6 49. Ra5 Kd8 50. Ra7 Rxe6 51. Kd3 Rb6 52. Rxa4 Rb3+ 53. Ke4 Rxg3 54. Kf4 Rg4+ 55. Kf3 Rxa4 0-1

[Event "*** Titled Tuesday Blitz"]
[Site "Chess.com"]
[Date "2021.03.30"]
[Round "4"]
[White "anon6121824"]
[Black "Savagelittlemole"]
[Result "1-0"]
[WhiteElo "2797"]
[BlackElo "2527"]
[TimeControl "180+1"]
[EndTime "10:40:01 PDT"]
[Termination "anon6121824 won on time"]

1. e4 c5 2. Nc3 a6 3. g3 b5 4. Bg2 Bb7 5. Nge2 e6 6. O-O Ne7 7. d4 cxd4 8. Nxd4 Nec6 9. Nde2 Bc5 10. a3 O-O 11. b4 Be7 12. f4 a5 13. bxa5 Nxa5 14.
Kh1 b4 15. axb4 Bxb4 16. Rb1 Nbc6 17. f5 exf5 18. exf5 f6 19. Nd5 Bc5 20. Nef4 Rb8 21. Qd3 Ba6 22. Qxa6 Rxb1 23. Qd3 Re8 24. Nc3 Rxc1 25.
Rxc1 Nb4 26. Qf1 Be3 27. Rd1 Bxf4 28. Qxf4 Nac6 29. Nd5 Nxd5 30. Bxd5+ Kh8 31. Bxc6 Qe7 32.
Bg2 d6 33. h4 Rd8 34. Rd3 h6 35. Re3 Qc7 36. Re6 Qxc2 37. Qg4 Qc1+ 38. Kh2 Rg8 39.
Rxd6 Qc5 40. Rd7 Qb5 41. Rb7 Qe5 42. Qg6 Qd4 43. Qf7 Qe5 44. Bd5 Qe2+ 45. Bg2 Qe5 46. Qe6 Qxe6 47. fxe6 Re8 48. e7 Kg8 49. Bd5+ Kh7 50.
Bf7 Rxe7 51. Rxe7 h5 52. Bxh5 1-0

[Event "*** Titled Tuesday Blitz"]
[Site "Chess.com"]
[Date "2021.03.30"]
[Round "4"]
[White "SaqoChess_Twitch"]
[Black "jefferyx"]
[Result "0-1"]
[WhiteElo "2485"]
[BlackElo "2970"]
[TimeControl "180+1"]
[EndTime "10:40:01 PDT"]
[Termination "jefferyx won by resignation"]

1. d4 Nf6 2. e3 c5 3. Nf3 g6 4.
Be2 Bg7 5. O-O cxd4 6. exd4 O-O 7. c3 b6 8. Nbd2 Bb7 9. Re1 d6 10. Nf1 Nbd7 11. Ng3 a6 12. Nd2 Rc8 13. Bf3 Bxf3 14. Qxf3 b5 15. Qb7 Ra8 16. Nde4 Qc8 17. Nxf6+ Bxf6 18. Qxc8 Rfxc8 19. Ne4 Bg7 20. a3 Nb6 21. Bg5 Nd5 22.
Re2 a5 23. Bxe7 Nxe7 24. Nxd6 Rc7 25. Nxb5 Rd7 26. Rae1 Nd5 27. Re8+ Rxe8 28. Rxe8+ Bf8 29. Ra8 Nb6 30. Rxa5 Nc4 31. Ra7 Rxa7 32. Nxa7 Nxb2 33. Nb5 f5 34. Kf1 Kf7 35. Ke2 Ke6 36. Kd2 Nc4+ 37. Kd3 Nxa3 38. Nc7+ Kd6 39. Ne8+ Ke7 40. Nc7 Kd6 41.
Ne8+ Kd7 42. Nf6+ Ke6 43. Nxh7 Be7 44. f4 Kd5 45. h3 Nc4 46. g4 Nb2+ 47. Kc2 Nc4 48. Kd3 Nd6 49. g5 Ne4 50. h4 Ng3 51.
c4+ Ke6 52. c5 Nh5 53. Kc4 Nxf4 54. h5 gxh5 55. g6 Nxg6 56. d5+ Kd7 57. d6 Nf8 58. Kd5 Bxd6 59. Nf6+ Ke7 60. Nxh5 Bb8 61. c6 Kf7 62.
Kd4 Kg6 63. c7 Bxc7 64. Nf4+ Bxf4 65. Kd3 Ne6 0-1